EL
BIRMINGHAM BARONS @ CHATTANOOGA LOOKOUTS
09/14/2046
 
TOP OF THE 1ST
Birmingham Barons batting - Pitching for Chattanooga Lookouts : RHP Bud Puffer
Pitching: RHP Bud Puffer
Batting: RHB Jeremy Hoffert 0-0: Foul Ball, location: 2F
0-1: Ground out 5-3 (Groundball, 5, EV 93.8 MPH)
Batting: LHB Brandon Hopper 0-0: Swinging Strike
0-1: Ball
1-1: Swinging Strike
1-2: Strikes out looking
Batting: RHB Guillermo Mojica 0-0: Called Strike
0-1: Called Strike
0-2: Ground out U3 (Groundball, 3L, EV 106.9 MPH)
Top of the 1st over - 0 runs, 0 hits, 0 errors, 0 left on base; Birmingham 0 - Chattanooga 0
BOTTOM OF THE 1ST
Chattanooga Lookouts batting - Pitching for Birmingham Barons : RHP Rick Sacket
Pitching: RHP Rick Sacket
Batting: RHB Jesse Scott 0-0: Ball
1-0: Ball
2-0: Called Strike
2-1: Ball
3-1: Foul Ball, location: 2F
3-2: Base on Balls
Batting: LHB Jim Pankratz 0-0: Foul Ball, location: 2F
0-1: Ball
1-1: Foul Ball, location: 2F
1-2: Ground out 6-3 (Groundball, 6, EV 109.4 MPH)
Jesse Scott to second
Batting: RHB J.J. Powers 0-0: Foul Ball, location: 2F
0-1: Foul Ball, location: 2F
0-2: Ball
1-2: Foul Ball, location: 2F
1-2: Ball
2-2: Ball
3-2: SINGLE (Groundball, 6MS, EV 71.9 MPH) (infield hit)
Jesse Scott to third
Pinch Runner at 1st Jose Nunez:
Batting: LHB Chaim Huting 0-0: Ball
Jose Nunez is caught stealing 2nd base 2-6
1-0: Swinging Strike
1-1: Ground out 4-3 (Groundball, 4S, EV 90.0 MPH)
Bottom of the 1st over - 0 runs, 1 hit, 0 errors, 1 left on base; Birmingham 0 - Chattanooga 0
TOP OF THE 2ND
Birmingham Barons batting - Pitching for Chattanooga Lookouts : RHP Bud Puffer
Now at 1B: Jose Nunez
Now at 2B: Cyril Husson
Batting: LHB Ryan Dyal 0-0: Ground out 5-3 (Groundball, 5L, EV 86.2 MPH)
Batting: LHB Josh Pittman 0-0: Foul Ball, location: 2F
0-1: Ground out 4-3 (Groundball, 4, EV 100.0 MPH)
Batting: RHB Toichiro Fujimoto 0-0: Ball
1-0: Ball
2-0: Ball
3-0: Called Strike
3-1: Fly out, F8 (Flyball, 8LD, EV 101.2 MPH)
Top of the 2nd over - 0 runs, 0 hits, 0 errors, 0 left on base; Birmingham 0 - Chattanooga 0
BOTTOM OF THE 2ND
Chattanooga Lookouts batting - Pitching for Birmingham Barons : RHP Rick Sacket
Batting: RHB Matt Dunn 0-0: Swinging Strike
0-1: Called Strike
0-2: Ball
1-2: Ground out 4-3 (Groundball, 4S, EV 86.9 MPH)
Batting: RHB Cyril Husson 0-0: Called Strike
0-1: Ball
1-1: Swinging Strike
1-2: Foul Ball, location: 2F
1-2: Ground out 4-3 (Groundball, 4S, EV 93.1 MPH)
Batting: RHB Manuel Juarez 0-0: SINGLE (Flyball, 56D, EV 85.0 MPH)
Batting: SHB Ian Thompson 0-0: Ball
Manuel Juarez steals 2nd base (no throw)
1-0: Ball
2-0: Ball
3-0: Called Strike
3-1: Base on Balls
Batting: RHB Tony Rivera 0-0: Ball
1-0: Swinging Strike
1-1: Called Strike
1-2: Ball
2-2: Ball
3-2: Strikes out swinging
Bottom of the 2nd over - 0 runs, 1 hit, 0 errors, 2 left on base; Birmingham 0 - Chattanooga 0
TOP OF THE 3RD
Birmingham Barons batting - Pitching for Chattanooga Lookouts : RHP Bud Puffer
Batting: LHB Carlos Ramirez 0-0: Ball
1-0: Called Strike
1-1: Ball
2-1: Foul Ball, location: 2F
2-2: Ground out 6-3 (Groundball, P, EV 88.8 MPH)
Batting: RHB Chris Simmons 0-0: Ground out 4-3 (Groundball, 13, EV 88.1 MPH)
Batting: RHB Santos Guadalupe 0-0: Foul Ball, location: 2F
0-1: Ball
1-1: SINGLE (Groundball, 56S, EV 64.4 MPH) (infield hit)
Batting: RHB Jeremy Hoffert 0-0: Foul Ball, location: 2F
0-1: Called Strike
0-2: Strikes out swinging
Top of the 3rd over - 0 runs, 1 hit, 0 errors, 1 left on base; Birmingham 0 - Chattanooga 0
BOTTOM OF THE 3RD
Chattanooga Lookouts batting - Pitching for Birmingham Barons : RHP Rick Sacket
Batting: RHB Jesse Scott 0-0: Foul Ball, location: 2F
0-1: Ball
1-1: Foul Ball, location: 2F
1-2: Ground out 5-3 (Groundball, 56S, EV 75.6 MPH)
Batting: LHB Jim Pankratz 0-0: Ball
1-0: Ball
2-0: Ball
3-0: Called Strike
3-1: SINGLE (Groundball, 4M, EV 110.6 MPH) (infield hit)
Batting: RHB Jose Nunez 0-0: Foul Ball, location: 2F
0-1: Ball
1-1: Ball
2-1: Ball
3-1: Fly out, F9 (Flyball, 9LM, EV 85.0 MPH)
Batting: LHB Chaim Huting 0-0: Ball
Jim Pankratz steals 2nd base
1-0: Foul Ball, location: 2F
1-1: Ground out U3 (Groundball, 3, EV 88.8 MPH)
Bottom of the 3rd over - 0 runs, 1 hit, 0 errors, 1 left on base; Birmingham 0 - Chattanooga 0
TOP OF THE 4TH
Birmingham Barons batting - Pitching for Chattanooga Lookouts : RHP Bud Puffer
Batting: LHB Brandon Hopper 0-0: Ground out 5-3 (Groundball, 5, EV 80.6 MPH)
Batting: RHB Guillermo Mojica 0-0: Foul Ball, location: 2F
0-1: Foul Ball, location: 2F
0-2: Foul Ball, location: 2F
0-2: Ball
1-2: Ground out 4-3 (Groundball, 4MS, EV 68.8 MPH)
Batting: LHB Ryan Dyal 0-0: Ball
1-0: Foul Ball, location: 2F
1-1: Foul Ball, location: 2F
1-2: Strikes out swinging
Top of the 4th over - 0 runs, 0 hits, 0 errors, 0 left on base; Birmingham 0 - Chattanooga 0
BOTTOM OF THE 4TH
Chattanooga Lookouts batting - Pitching for Birmingham Barons : RHP Rick Sacket
Batting: RHB Matt Dunn 0-0: Ball
1-0: Ball
2-0: Foul Ball, location: 2F
2-1: Ball
3-1: Foul Ball, location: 2F
3-2: Strikes out swinging
Batting: RHB Cyril Husson 0-0: Ball
1-0: Ball
2-0: Foul Ball, location: 2F
2-1: SINGLE (Groundball, 25, EV 70.0 MPH) (infield hit)
Batting: RHB Manuel Juarez 0-0: Ball
Cyril Husson is caught stealing 2nd base 2-4
1-0: Ball
2-0: Foul Ball, location: 2F
2-1: Swinging Strike
2-2: Strikes out swinging
Bottom of the 4th over - 0 runs, 1 hit, 0 errors, 0 left on base; Birmingham 0 - Chattanooga 0
TOP OF THE 5TH
Birmingham Barons batting - Pitching for Chattanooga Lookouts : RHP Bud Puffer
Batting: LHB Josh Pittman 0-0: Ground out 6-3 (Groundball, 6M, EV 106.9 MPH)
Batting: RHB Toichiro Fujimoto 0-0: Ball
1-0: Ball
2-0: Called Strike
2-1: Swinging Strike
2-2: Ground out 4-3 (Groundball, 4, EV 86.2 MPH)
Batting: LHB Carlos Ramirez 0-0: Called Strike
0-1: Swinging Strike
0-2: Ball
1-2: Strikes out swinging
Top of the 5th over - 0 runs, 0 hits, 0 errors, 0 left on base; Birmingham 0 - Chattanooga 0
BOTTOM OF THE 5TH
Chattanooga Lookouts batting - Pitching for Birmingham Barons : RHP Rick Sacket
Batting: SHB Ian Thompson 0-0: Ball
1-0: Foul Ball, location: 2F
1-1: Ball
2-1: Ball
3-1: Base on Balls
Batting: RHB Tony Rivera 0-0: Ball
1-0: Fly out, F4 (Line Drive, 34D, EV 71.9 MPH)
Pitching: LHP Juan Medrano
Batting: RHB Jesse Scott 0-0: Ball
1-0: Fly out, F9 (Flyball, 9LM, EV 104.4 MPH)
Batting: LHB Jim Pankratz 0-0: Swinging Strike
0-1: Foul Ball, location: 2F
0-2: Ball
1-2: Hit by Pitch
Ian Thompson to second
Batting: RHB Jose Nunez 0-0: Foul Ball, location: 2F
0-1: Ground out 5-3 (Groundball, 56S, EV 85.0 MPH)
Bottom of the 5th over - 0 runs, 0 hits, 0 errors, 2 left on base; Birmingham 0 - Chattanooga 0
TOP OF THE 6TH
Birmingham Barons batting - Pitching for Chattanooga Lookouts : RHP Bud Puffer
Batting: RHB Chris Simmons 0-0: Ball
1-0: Ball
2-0: Foul Ball, location: 2F
2-1: Foul Ball, location: 2F
2-2: Strikes out swinging
Batting: RHB Santos Guadalupe 0-0: Ball
1-0: Ball
2-0: Called Strike
2-1: Ball
3-1: Fly out, F9 (Line Drive, 89M, EV 95.6 MPH)
Batting: RHB Jeremy Hoffert 0-0: Called Strike
0-1: Ball
1-1: Ball
2-1: Ground out 3-1 (Groundball, 34, EV 87.5 MPH)
Top of the 6th over - 0 runs, 0 hits, 0 errors, 0 left on base; Birmingham 0 - Chattanooga 0
BOTTOM OF THE 6TH
Chattanooga Lookouts batting - Pitching for Birmingham Barons : LHP Juan Medrano
Batting: LHB Chaim Huting 0-0: Ball
1-0: Swinging Strike
1-1: Ball
2-1: Foul Ball, location: 2F
2-2: Ground out 6-3 (Groundball, 56D, EV 90.0 MPH)
Batting: RHB Matt Dunn 0-0: Ball
1-0: Ball
2-0: Ball
3-0: Base on Balls
Batting: RHB Cyril Husson 0-0: Ball
1-0: Ball
2-0: Ball
3-0: Base on Balls
Matt Dunn to second
Batting: RHB Manuel Juarez 0-0: Ball
Matt Dunn is caught stealing 3rd base 2-5
Cyril Husson to second
1-0: Foul Ball, location: 2F
1-1: Ball
2-1: Ball
3-1: Base on Balls
Batting: SHB Ian Thompson 0-0: Called Strike
0-1: Swinging Strike
0-2: Strikes out swinging
Bottom of the 6th over - 0 runs, 0 hits, 0 errors, 2 left on base; Birmingham 0 - Chattanooga 0
TOP OF THE 7TH
Birmingham Barons batting - Pitching for Chattanooga Lookouts : RHP Bud Puffer
Batting: LHB Brandon Hopper 0-0: Ball
1-0: Foul Ball, location: 2F
1-1: Ball
2-1: Fly out, F8 (Flyball, 78M, EV 89.4 MPH)
Batting: RHB Guillermo Mojica 0-0: Ball
1-0: Foul Ball, location: 2F
1-1: Swinging Strike
1-2: Ball
2-2: Foul Ball, location: 2F
2-2: Ground out 4-3 (Groundball, 4, EV 86.9 MPH)
Batting: LHB Ryan Dyal 0-0: Foul Ball, location: 2F
0-1: Ball
1-1: Ball
2-1: Ground out 5-3 (Groundball, 56, EV 88.1 MPH)
Top of the 7th over - 0 runs, 0 hits, 0 errors, 0 left on base; Birmingham 0 - Chattanooga 0
BOTTOM OF THE 7TH
Chattanooga Lookouts batting - Pitching for Birmingham Barons : LHP Juan Medrano
Batting: RHB Tony Rivera 0-0: Called Strike
0-1: Ball
1-1: Called Strike
1-2: Ball
2-2: Strikes out swinging
Batting: RHB Jesse Scott 0-0: Foul Ball, location: 2F
0-1: Ball
1-1: Fly out, F7 (Flyball, 7, EV 81.9 MPH)
Batting: LHB Jim Pankratz 0-0: Called Strike
0-1: Called Strike
0-2: Ball
1-2: Strikes out swinging
Bottom of the 7th over - 0 runs, 0 hits, 0 errors, 0 left on base; Birmingham 0 - Chattanooga 0
TOP OF THE 8TH
Birmingham Barons batting - Pitching for Chattanooga Lookouts : RHP Bud Puffer
Batting: LHB Josh Pittman 0-0: Foul Ball, location: 2F
0-1: Ball
1-1: Ball
2-1: Swinging Strike
2-2: Foul Ball, location: 2F
2-2: Strikes out swinging
Batting: RHB Toichiro Fujimoto 0-0: Ball
1-0: Ball
2-0: Foul Ball, location: 2F
2-1: Ground out U3 (Groundball, 23, EV 85.6 MPH)
Batting: LHB Carlos Ramirez 0-0: Ball
1-0: Called Strike
1-1: Swinging Strike
1-2: Ball
2-2: Strikes out swinging
Top of the 8th over - 0 runs, 0 hits, 0 errors, 0 left on base; Birmingham 0 - Chattanooga 0
BOTTOM OF THE 8TH
Chattanooga Lookouts batting - Pitching for Birmingham Barons : LHP Juan Medrano
Pitching: RHP Jose Vigil
Pinch Hitting: LHB Matt Robertson 0-0: Called Strike
0-1: Ball
1-1: Ball
2-1: Foul Ball, location: 2F
2-2: Foul Ball, location: 2F
2-2: Foul Ball, location: 2F
2-2: Reached on error, E2 (Groundball, 2R, EV 68.8 MPH)
Batting: LHB Chaim Huting 0-0: Called Strike
0-1: Swinging Strike
0-2: Strikes out swinging
Batting: RHB Matt Dunn 0-0: Ball
1-0: Ball
Matt Robertson is caught stealing 2nd base 2-4
2-0: Swinging Strike
2-1: Called Strike
2-2: Fly out, F3 (Popup, 3F, EV 58.1 MPH)
Bottom of the 8th over - 0 runs, 0 hits, 1 error, 0 left on base; Birmingham 0 - Chattanooga 0
TOP OF THE 9TH
Birmingham Barons batting - Pitching for Chattanooga Lookouts : RHP Bud Puffer
Pitching: RHP Carlos Palacios
Now at 1B: Justin Wenzel
Pinch Hitting: LHB Herkko Haavikko 0-0: Called Strike
0-1: Swinging Strike
0-2: Ball
1-2: Ground out 4-3 (Groundball, 4, EV 85.6 MPH)
Pinch Hitting: LHB Ryan Karg 0-0: Fly out, F6 (Popup, 6, EV 65.6 MPH)
Batting: RHB Jeremy Hoffert 0-0: Called Strike
0-1: Foul Ball, location: 2F
0-2: Ball
1-2: Foul Ball, location: 2F
1-2: Ball
2-2: Ball
3-2: Base on Balls
Batting: LHB Brandon Hopper 0-0: Ball
Jeremy Hoffert steals 2nd base
1-0: Ground out 4-3 (Groundball, 4, EV 83.8 MPH)
Top of the 9th over - 0 runs, 0 hits, 0 errors, 1 left on base; Birmingham 0 - Chattanooga 0
BOTTOM OF THE 9TH
Chattanooga Lookouts batting - Pitching for Birmingham Barons : RHP Jose Vigil
Pitching: LHP Silas Chartier
Now at 3B: Peter Croston
Now at SS: Jose Duran
Batting: RHB Cyril Husson 0-0: Called Strike
0-1: Ball
1-1: Called Strike
1-2: Strikes out swinging
Batting: RHB Manuel Juarez 0-0: Ball
1-0: Ball
2-0: Foul Ball, location: 2F
2-1: Ground out 6-3 (Groundball, 6S, EV 72.5 MPH)
Batting: SHB Ian Thompson 0-0: Ball
1-0: Ball
2-0: Foul Ball, location: 2F
2-1: Foul Ball, location: 2F
2-2: Fly out, F9 (Flyball, 89M, EV 89.4 MPH)
Bottom of the 9th over - 0 runs, 0 hits, 0 errors, 0 left on base; Birmingham 0 - Chattanooga 0
TOP OF THE 10TH
Birmingham Barons batting - Pitching for Chattanooga Lookouts : RHP Carlos Palacios
Batting: RHB Guillermo Mojica 0-0: Called Strike
0-1: Foul Ball, location: 2F
0-2: Ball
1-2: SOLO HOME RUN (Flyball, 78XD, EV 99.4 MPH), Distance : 401 ft
Batting: LHB Ryan Dyal 0-0: Called Strike
0-1: SOLO HOME RUN (Flyball, 89XD, EV 98.1 MPH), Distance : 399 ft
Batting: LHB Josh Pittman 0-0: Ball
1-0: Foul Ball, location: 2F
1-1: Ball
2-1: Ground out 1-3 (Groundball, P, EV 64.4 MPH)
Batting: RHB Toichiro Fujimoto 0-0: SINGLE (Line Drive, 56D, EV 101.9 MPH)
Batting: LHB Carlos Ramirez 0-0: Ball
1-0: Ball
2-0: Foul Ball, location: 2F
2-1: Ball
3-1: Fly out, F7 (Flyball, 7, EV 86.2 MPH)
Batting: RHB Peter Croston 0-0: Called Strike
0-1: Called Strike
0-2: Fly out, F7 (Flyball, 78S, EV 71.9 MPH)
Top of the 10th over - 2 runs, 3 hits, 0 errors, 1 left on base; Birmingham 2 - Chattanooga 0
BOTTOM OF THE 10TH
Chattanooga Lookouts batting - Pitching for Birmingham Barons : LHP Silas Chartier
Batting: RHB Tony Rivera 0-0: Ball
1-0: Ball
2-0: Foul Ball, location: 2F
2-1: Foul Ball, location: 2F
2-2: Ball
3-2: Base on Balls
Batting: RHB Jesse Scott 0-0: Ball
1-0: Called Strike
1-1: Ball
2-1: Ball
3-1: Base on Balls
Tony Rivera to second
Batting: LHB Jim Pankratz 0-0: Sac Bunt to 13S - play at first, batter OUT! 1-3
Tony Rivera to third
Jesse Scott to second
Batting: LHB Justin Wenzel 0-0: Foul Ball, location: 2F
0-1: Ground out 5-3 (Groundball, 5, EV 87.5 MPH)
Batting: LHB Chaim Huting 0-0: Called Strike
0-1: Foul Ball, location: 2F
0-2: Ground out 1-3 (Groundball, 23, EV 64.4 MPH)
Bottom of the 10th over - 0 runs, 0 hits, 0 errors, 2 left on base; Birmingham 2 - Chattanooga 0
Tuesday, September 13th , 2022 - OOTP Baseball 23.7 Build 88